 Dungeon Crawl Stone Soup version 0.29-a0-384-g6960b1960d (webtiles) character file.

Game seed: 1956062222553304562

510 jlumianski the Chopper (level 6, -18/48 HPs)
             Began as a Demonspawn Fighter on May 6, 2022.
             Demolished by an ogre
             ... wielding a +0 giant club
              (25 damage)
             ... on level 5 of the Dungeon.
             The game lasted 00:14:28 (4217 turns).

jlumianski the Chopper (Demonspawn Fighter)         Turns: 4217, Time: 00:14:29

Health: -18/48     AC: 16    Str: 18    XL:     6   Next: 98%
Magic:  6/6        EV:  9    Int:  9    God:
Gold:   94         SH:  5    Dex: 13    Spells: 5/5 levels left

rFire   . . .      SeeInvis .   a - +0 war axe
rCold   . . .      Faith    .   c - +0 buckler
rNeg    . . .      Spirit   .   b - +0 scale mail
rPois   .          Reflect  .   (helmet restricted)
rElec   .          Harm     .   p - +0 cloak
rCorr   .          Rampage  .   (no gloves)
Will    .....                   (no boots)
Stlth   ..........              (no amulet)
HPRegen 0.16/turn               f - +4 ring of protection
MPRegen 0.10/turn               u - +4 ring of protection

@: no status effects
A: antennae 1, powered by pain 1
a: no special abilities


You were on level 5 of the Dungeon.
You visited 1 branch of the dungeon, and saw 5 of its levels.

You collected 204 gold pieces.
You spent 110 gold pieces at shops.

Inventory:

Hand Weapons
 a - a +0 war axe (weapon)
Missiles
 g - 102 stones (quivered)
 j - 2 throwing nets
 n - 3 poisoned darts
 s - 2 boomerangs
Armour
 b - a +0 scale mail (worn)
 c - a +0 buckler (worn)
 p - a +0 cloak (worn)
 r - the +0 cloak of Golaabiss {rCorr Int+3 Slay-4}
   (You found it on level 2 of the Dungeon)

   Int:       It affects your intelligence (+3).
   Slay:      It affects your accuracy & damage with ranged weapons and melee
   (-4).
   rCorr:     It protects you from acid and corrosion.
Jewellery
 f - a +4 ring of protection (left hand)
 k - a +6 ring of dexterity
 u - a +4 ring of protection (right hand)
Scrolls
 m - 6 scrolls of teleportation
 o - a scroll of amnesia
 q - a scroll of immolation
 v - a scroll of identify
Potions
 d - 2 potions of might
 e - 2 potions of lignification
 h - 3 potions of curing
 l - a potion of brilliance
 t - 2 potions of magic


   Skills:
 + Level 4.0 Fighting
 + Level 4.6 Axes
 + Level 0.2 Throwing
 + Level 4.2 Armour
 + Level 1.6 Dodging
 + Level 3.3 Shields


You had 5 spell levels left.
You didn't know any spells.
Your spell library contained the following spells:

 Spells                   Type           Power      Damage    Failure   Level
 Airstrike                Air            0%         N/A       100%        4
 Summon Lightning Spire   Summ/Air       0%         N/A       100%        4
 Lightning Bolt           Conj/Air       0%         1d11      100%        5


Dungeon Overview and Level Annotations

Branches:
Dungeon (5/15)             Temple (0/1) D:5

Altars:
Ashenzari
Hepliaklqana

Shops:
D:3 !


Innate Abilities, Weirdness & Mutations

You have a pair of small antennae on your head.
You sometimes gain a little power by taking damage.


Message History

The orc misses you. You block the orc priest's attack.
The orc closely misses you.
You hit the orc priest.
The orc priest is heavily wounded.
The orc priest completely misses you. The orc closely misses you.
You closely miss the orc priest.
The orc priest is heavily wounded.
The orc priest hits you but does no damage.
The orc barely misses you.
You closely miss the orc priest.
The orc priest is moderately wounded.
The orc priest begins to cast a cantrip, but forgets the words!
The orc completely misses you. The orc priest barely misses you.
The orc hits you but does no damage.
You closely miss the orc priest.
The orc priest is moderately wounded.
The orc priest hits you but does no damage.
The orc closely misses you.
You hit the orc priest but do no damage.
The orc priest is moderately wounded.
The orc priest casts a cantrip, but nothing happens.
The orc completely misses you.
You hit the orc priest but do no damage.
The orc priest is moderately wounded.
The orc priest hits you but does no damage.
The orc barely misses you.
The orc priest hits you with a +0 flail.
You block the orc's attack.
You slash the orc priest!
You kill the orc priest!
You block the orc's attack.
You barely miss the ogre.
You are no longer corroded.
The ogre hits you with a +0 giant club!
* * * LOW HITPOINT WARNING * * *
The orc closely misses you.
You hit the ogre but do no damage. The orc hits you but does no damage.
The ogre hits you with a +0 giant club!!
Ouch! That really hurt!
You die...

##**...#.######***#.#*......,,,,*
.#####........#####.##......,,,,*
............................,,,,*
.##.#...>.....#.............,,,,*
......#.........#...........,,,,*
..............###o.###......,,,,*
>....##.........oo.# *....$.,,,,*
..#####........#O### *....##**,,*
..###..........#@# *,..##≈≈****
..............##.# *,###≈≈≈≈≈≈≈
.......>...(..##.#****,* **≈≈****
#.$w.w............,,,,,* *≈**≈≈*
#.......#.)........,,,,* *≈≈≈≈∩≈
..........#**#......,,,* *≈≈≈≈≈≈
...<.....#* #......(,,*******≈≈*
.........# #........,,,**≈≈****
.O......## #.........*,,≈≈≈≈≈≈≈


You could see an ogre, an orc wizard and 2 orcs.

Vanquished Creatures
  An ogre (D:3)
  3 scorpions
  A jelly (D:5)
  An orc priest (D:5)
  6 adders
  4 gnolls (D:3)
  2 ufetubi
  3 worms
  2 dart slugs
  3 orcs
  4 ball pythons
  8 endoplasms
  3 giant cockroaches
  8 goblins
  4 hobgoblins
  5 kobolds
  4 quokkas
  6 bats
  4 frilled lizards
  4 rats
76 creatures vanquished.

Vanquished Creatures (others)
  A withered plant (D:4)
1 creature vanquished.

Grand Total: 77 creatures vanquished

Notes
Turn   | Place    | Note
-------+----------+-------------------------------------------
     0 | D:1      | jlumianski the Demonspawn Fighter began the quest for the
                  | Orb.
     0 | D:1      | Reached XP level 1. HP: 18/18 MP: 1/1
   249 | D:1      | Found a faded altar of an unknown god.
   303 | D:1      | Gained mutation: You sometimes gain a little power by
                  | taking damage. [demonic ancestry]
   303 | D:1      | Reached XP level 2. HP: 24/24 MP: 2/2
  1412 | D:2      | Reached XP level 3. HP: 16/29 MP: 3/3
  1683 | D:2      | Identified the +0 cloak of Golaabiss {rCorr Int+3 Slay-4}
  2587 | D:3      | Gained mutation: You have a pair of small antennae on your
                  | head. [demonic ancestry]
  2587 | D:3      | Reached XP level 4. HP: 35/35 MP: 4/4
  2837 | D:2      | Upgraded the game from 0.29-a0-380-gf50f0a9fbc to
                  | 0.29-a0-384-g6960b1960d
  2963 | D:3      | Reached XP level 5. HP: 40/41 MP: 5/5
  3000 | D:3      | Found Nasmif Xoci's Distillery.
  3010 | D:3      | Reached skill level 1 in Dodging
  3049 | D:3      | Found a hazy altar of Hepliaklqana.
  3129 | D:3      | Noticed an ogre
  3252 | D:3      | Killed an ogre
  3887 | D:3      | Bought a potion of heal wounds for 50 gold pieces
  3887 | D:3      | Bought a potion of curing for 30 gold pieces
  3887 | D:3      | Bought a potion of curing for 30 gold pieces
  3954 | D:4      | Found a broken altar of Ashenzari.
  4004 | D:4      | Reached XP level 6. HP: 37/48 MP: 6/6
  4083 | D:5      | Entered Level 5 of the Dungeon
  4202 | D:5      | HP: 2/48 [acid (1)]
  4217 | D:5      | Demolished by an ogre

Illustrated notes

Levels and vault maps discovered:
D:1:      dpeg_arrival_orchard, layout_loops_corners,
          dilly_ecumenical_altar_fadedgnrine, kennysheep_doodads, hex_medium
D:2:      layout_basic, minmay_split_cup_small
D:3:      layout_rooms, lemuel_crystal_altar, serial_shops,
          nicolae_shop_advertising_works [nicolae_subvault_shop_adworks],
          minmay_between
D:4:      layout_loops_cross, okawaru_gym_becter, lemuel_round_altar,
          mainiacjoe_overflow_surrounded_room, vehumet_statue,
          dilly_guarded_unrand_morg
D:5:      layout_rooms, nicolae_gozag_cash_rules_everything_around_me,
          minmay_temple_entry_grid, gup_sewer_entry_bubbles

Skill      XL: |  1  2  3  4  5  6 |
---------------+-------------------+-----
Axes           | 2 3 4 |  4.6
Armour         | 3 4 |  4.2
Shields        | 3 |  3.3
Dodging        | 1 |  1.6
Fighting       | 4 |  4.0
Throwing       | |  0.2

Action                   |  1- 3 |  4- 6 || total
-------------------------+-------+-------++-------
Melee: War axe           |   119 |   120 ||   239
Throw: Stone             |    11 |     4 ||    15
  Use: Scroll            |     5 |     3 ||     8
       Potion            |     2 |     3 ||     5
Armor: Scale mail        |    77 |    93 ||   170
Dodge: Dodged            |    56 |    86 ||   142
Block: Buckler           |    20 |    42 ||    62

Table legend: (Time is in decaauts)
 A = Elapsed time spent in this place.
 B = Non-inter-level travel time spent in this place.
 C = Inter-level travel time spent in this place.
 D = Time resting spent in this place.
 E = Time spent auto-exploring this place.
 F = Levels seen in this place.
 G = Mean time per level.
                   A        B        C        D        E       F      G
               +--------+--------+--------+--------+--------+-----+--------+
         Total |   4315 |   4176 |    139 |    559 |   2263 |   5 |  863.0 |
       Dungeon |   4315 |   4176 |    139 |    559 |   2263 |   5 |  863.0 |
               +--------+--------+--------+--------+--------+-----+--------+

Top non-repeatable levels by time:
     D:2: 1806 daAuts
     D:1: 1312 daAuts
     D:3: 878 daAuts
     D:4: 187 daAuts
     D:5: 131 daAuts
